 Dungeon Crawl Stone Soup version 0.30.1-11-g7821555f0a (webtiles) character file.

Game seed: 6802711130137668044

123855 Cheops the Warrior (level 16, -10/189 HPs)
             Began as an Ogre Gladiator on Dec 11, 2023.
             Was the Champion of the Shining One.
             Mangled by a bog body (15 damage)
             ... on level 2 of the Swamp.
             The game lasted 02:45:48 (35781 turns).

Cheops the Warrior (Ogre Gladiator)                Turns: 35781, Time: 02:45:48

Health: -10/189    AC: 11    Str: 29    XL:     16   Next: 91%
Magic:  32/32      EV: 15    Int: 14    God:    the Shining One [******]
Gold:   2630       SH:  5    Dex: 15    Spells: 7/25 levels left

rFire   . . .        a - +8 giant club (spect)
rCold   . . .        (shield currently unavailable)
rNeg    + + +        U - +0 swamp dragon scales
rPois   +            Q - +2 hat {Int+3}
rElec   .            A - +0 cloak {rC+}
rCorr   .            (gloves unavailable)
SInv    .            (boots unavailable)
Will    .....        Z - amulet of Tetipti {Reflect Fly MP+9 Str-4 Dex+5 SH+5}
Stlth   +            T - +5 ring of evasion
HPRegen 0.51/turn    y - ring of Petamag {Wiz rC- rN+ Will- Str+7}
MPRegen 0.23/turn

%: reflection, wizardry (x1)
@: flying, slowed, glowing, very slow
A: large, unfitting armour, tough skin 1
a: Renounce Religion, Divine Shield, Cleansing Flame, Summon Divine Warrior,
Brand Weapon With Holy Wrath


You were on level 2 of the Swamp.
You worshipped the Shining One.
The Shining One was exalted by your worship.
You visited 5 branches of the dungeon, and saw 25 of its levels.
You also visited: Bailey and Ice Cave.

You collected 3430 gold pieces.
You spent 800 gold pieces at shops.

Inventory:

Hand Weapons
 a - a +8 spectral giant club (weapon)
 b - the +2 dagger of the Writhing Dove {flame, Fly Dex+2 SInv, !a}
   (You found it on level 8 of the Dungeon)

   Dex:       It affects your dexterity (+2).
   SInv:      It lets you see invisible.
   Fly:       It grants you flight.
 d - the +4 mace of Tasokuec {flame, rC+ Will+ Dex+3}
   (You found it on level 2 of the Dungeon)

   Dex:       It affects your dexterity (+3).
   rC:        It protects you from cold.
   Will:      It increases your willpower.
 e - a +0 giant spiked club of electrocution
 l - a +0 heavy giant spiked club
Missiles
 r - 8 throwing nets
 P - 31 large rocks (quivered)
Armour
 A - a +0 cloak of cold resistance (worn)
 E - +0 ice dragon scales
 F - a +1 troll leather armour
 Q - a +2 hat of intelligence (worn)
 U - +0 swamp dragon scales (worn)
Magical Staves
 B - a staff of earth
 D - a staff of fire
Jewellery
 h - the ring of the Greedy {rElec Int+6 SInv}
   (You acquired it on level 9 of the Dungeon)

   [ring of intelligence]

   Int:       It affects your intelligence (+6).
   rElec:     It insulates you from electricity.
   SInv:      It lets you see invisible.
 o - the ring "Jepiel" {rF+ rC+}
   (You found it on level 5 of the Lair of Beasts)

   [ring of protection from cold]

   rF:        It protects you from fire.
   rC:        It protects you from cold.
 y - the ring of Petamag (right hand) {Wiz rC- rN+ Will- Str+7}
   (You acquired it on level 5 of the Dungeon)

   [ring of wizardry]

   It improves your spell success rate.
   Str:       It affects your strength (+7).
   rC:        It makes you vulnerable to cold.
   rN:        It protects you from negative energy.
   Will:      It decreases your willpower.
 H - a ring of protection from cold
 N - a ring of poison resistance
 T - a +5 ring of evasion (left hand)
 V - an amulet of magic regeneration
 Z - the amulet of Tetipti (around neck) {Reflect Fly MP+9 Str-4 Dex+5 SH+5}
   (You found it on level 3 of the Lair of Beasts)

   [amulet of reflection]

   It reflects blocked missile attacks.
   Str:       It affects your strength (-4).
   Dex:       It affects your dexterity (+5).
   MP:        It affects your magic capacity (+9).
   Fly:       It grants you flight.
   SH:        It affects your SH (+5).
Wands
 t - a wand of iceblast (5)
 I - a wand of polymorph (8)
 O - a wand of charming (22)
 R - a wand of mindburst (11)
 S - a wand of acid (5)
 W - a wand of flame (28)
Scrolls
 i - a scroll of enchant armour
 n - 4 scrolls of fear
 u - 2 scrolls of blinking
 v - 5 scrolls of vulnerability
 x - 4 scrolls of teleportation
 G - 3 scrolls of enchant weapon
 J - 4 scrolls of identify
 K - 2 scrolls of poison
 M - a scroll of magic mapping
 X - 4 scrolls of immolation
Potions
 c - 5 potions of ambrosia
 f - 18 potions of curing
 g - 2 potions of flight
 j - 5 potions of attraction
 k - 2 potions of magic
 m - 3 potions of mutation
 q - 5 potions of might
 s - 3 potions of cancellation
 w - 2 potions of lignification
 z - 6 potions of brilliance
 L - 4 potions of haste
 Y - 2 potions of resistance
Miscellaneous
 p - a phial of floods


   Skills:
 + Level 19.0 Fighting
 - Level 18.6 Maces & Flails
 - Level 8.0 Throwing
 - Level 2.6 Dodging
 - Level 5.0 Spellcasting
 - Level 5.0 Summonings
 - Level 4.0 Transmutations
 - Level 4.0 Earth Magic
 - Level 5.0 Poison Magic
 - Level 10.0 Invocations
 - Level 4.0 Evocations


You had 7 spell levels left.
You knew the following spells:

 Your Spells              Type           Power      Damage    Failure   Level
a - Sandblast             Erth           28%        2d8       1%          1
b - Call Canine Familiar  Summ           17%        N/A       4%          3
c - Summon Guardian Gole  Hex/Summ       10%        N/A       11%         3
p - Passwall              Tmut/Erth      11%        N/A       3%          2
w - Wereblood             Tmut           14%        N/A       3%          2
A - Animate Armour        Summ/Erth      32%        N/A       16%         4
S - Spider Form           Tmut/Pois      16%        N/A       4%          3

Your spell library contained the following spells:

 Spells                   Type           Power      Damage    Failure   Level
 Beastly Appendage        Tmut           28%        N/A       1%          1
 Sting                    Tmut/Pois      64%        1d6       1%          1
 Summon Small Mammal      Summ           68%        N/A       1%          1
 Poisonous Vapours        Pois/Air       20%        N/A       6%          2
 Apportation              Tloc           6%         N/A       11%         1
 Necrotise                Necr           12%        1d4       11%         1
 Slow                     Hex            12%        N/A       11%         1
 Stone Arrow              Conj/Erth      18%        3d8       13%         3
 Olgreb's Toxic Radiance  Pois           17%        N/A       13%         4
 Confusing Touch          Hex            3%         N/A       28%         3
 Vampiric Draining        Necr           3%         2d6       28%         3
 Lehudib's Crystal Spear  Conj/Erth      4%         10d3      100%        8


Dungeon Overview and Level Annotations

Branches:
Dungeon (15/15)            Temple (1/1) D:4            Lair (5/5) D:11
  Swamp (2/4) Lair:2       Spider (0/4) Lair:3        Slime (0/5) Lair:4
    Orc (2/2) D:9             Elf (0/3) Orc:2        Vaults (0/5) D:14
 Depths (0/4) D:15         Bailey (visited)           IceCv (visited)

Altars:
Ashenzari
Cheibriados
Dithmenos
Elyvilon
Fedhas
Gozag
Hepliaklqana
Kikubaaqudgha
Makhleb
Nemelex Xobeh
Okawaru
Qazlal
Ru
Sif Muna
Trog
Uskayaw
Vehumet
Wu Jian
Xom
Yredelemnul
Zin
The Shining One
Jiyva

Shops:
D:8 [:   D:11 [   Orc:2 !(:*


Innate Abilities, Weirdness & Mutations

You are too large for most types of armour.
You have tough skin. (AC +1)


Message History

You block the spectral fenstrider witch's attack.
The spectral fenstrider witch barely misses you.
The bog body gestures at you while chanting.
You feel as though you will be slow longer.
The spectral fenstrider witch attacks as you move away!
The spectral fenstrider witch hits you but does no damage.
The spectral fenstrider witch completely misses you.
A bog body comes into view.
You are engulfed in spectral mist.
The spectral fenstrider witch fades away!
The spectral death drake bites you.
* * * LOW HITPOINT WARNING * * *
The spectral death drake bites you.
* * * LOW HITPOINT WARNING * * *
The bog body touches you!
* * * LOW HITPOINT WARNING * * *
The bog body freezes you!!
* * * LOW HITPOINT WARNING * * *
The ghost crab completely misses you. The ghost crab claws you!
* * * LOW HITPOINT WARNING * * *
The bog body gestures at you while chanting.
The bolt of cold hits you!
* * * LOW HITPOINT WARNING * * *
The bolt of cold hits the spectral death drake!
The spectral death drake resists.
The bog body moves out of view.
You completely miss the ghost crab.
You are engulfed in spectral mist.
* * * LOW HITPOINT WARNING * * *
You block the spectral death drake's attack.
The bog body misses you. The ghost crab barely misses you.
The ghost crab misses you.
The bog body points at you and mumbles some strange words.
The bolt of cold hits you!!
* * * LOW HITPOINT WARNING * * *
The bolt of cold hits the spectral death drake.
The spectral death drake resists.
The spectral death drake bites you but does no damage.
The bog body touches you.
* * * LOW HITPOINT WARNING * * *
The bog body freezes you!
You die...

♣♣ ~~~~~..###.## ♣♣.
§~~~~~....... P♣♣ ♣♣.†
~~~~~§...... .♣~.♣ ♣.~~
~~~~§~..~§.♣ ♣.....♣.§~
~~~~~○.~~~.♣ ...~~.♣~..
~~§~~○..~t.♣ .~~~.♣♣♣.
....:.♣tn§.♣ ~.♣..~♣♣♣.
♣Z@n♣♣♣ ..~..♣~... ..
♣~§.§~♣ ♣♣.~~~~
~~§♣♣♣♣.~§☼.♣ ♣~..~~~
..~..☼○°°~§~♣ ♣♣♣...~~
~~~~~~~○Z~~~♣ ♣..~~~..
~~~~~○~~°...♣ ♣.~~~~.~
...~§§~§~~♣♣♣ ♣♣.~~~~.~
♣♣....~~~.♣ ♣♣♣♣♣~..~~..~
♣♣~~.~~~.♣♣♣♣...~†♣♣~....


You could see 2 ghost crabs, 2 spectral death drakes and 2 bog bodies.

Vanquished Creatures
  Nikola (Swamp:1)
  Donald (Orc:1)
  A fenstrider witch (Swamp:1)
  A reaper (IceCv)
  A stone giant (D:15)
  An ironbound preserver (D:14)
  Nessos (Lair:4)
  3 bunyips
  The ghost of fireball365 the Severer, a journeyman HOFi of Gozag (D:13)
  Snorg (Lair:3)
  An ettin (Orc:1)
  Josephine (Swamp:1)
  Fannar (Lair:1)
  13 hydras
  Harold (Lair:1)
  An ogre mage (D:15)
  7 centaur warriors (D:14)
  9 two-headed ogres
  2 boulder beetles
  6 death yaks (Lair:5)
  4 catoblepae
  2 tengu warriors (D:15)
  5 alligators
  7 orc high priests
  Amaemon (D:9)
  Sonja (Lair:1)
  The ghost of GrumpyGrim72 the Conjurer, a novice DrCj of Sif Muna (Lair:1)
  A skyshark (Lair:5)
  A swamp dragon (shapeshifter) (D:15)
  A goliath frog (Swamp:1)
  A swamp dragon (Swamp:2)
  A harpy (shapeshifter) (D:14)
  2 bog bodies (Swamp:2)
  9 orc knights
  13 ugly things
  An orc sorcerer (Orc:2)
  7 cyclopes
  2 manticores (Lair:5)
  A will-o-the-wisp (Swamp:1)
  21 elephants
  Maurice (Orc:2)
  An orange demon (D:9)
  2 black mambas (Lair:5)
  2 ice statues (IceCv)
  2 gargoyles
  4 torpor snails (Lair:1)
  11 cane toads
  A rime drake (Lair:5)
  A freezing wraith (IceCv)
  8 komodo dragons
  An efreet (D:15)
  5 ice devils (IceCv)
  A tengu conjurer (D:14)
  An anaconda simulacrum (IceCv)
  3 kobold demonologists (D:11)
  The ghost of PlopperPlops the Chopper, an amateur HOMo (D:5)
  A queen bee (D:13)
  7 trolls
  3 tyrant leeches
  3 polar bears (Lair:2)
  2 meliai (D:13)
  A polar bear (shapeshifter) (D:13)
  4 hornets
  A hornet (shapeshifter) (D:15)
  5 blink frogs (Lair:1)
  7 dream sheep (Lair:5)
  17 slime creatures
  4 shadows
  6 wraiths
  Sigmund (D:3)
  A spriggan (Swamp:1)
  67 yaks
  4 basilisks
  A wyvern (D:8)
  2 death yak simulacra (Lair:3)
  4 vampire mosquitoes
  3 steam dragons
  5 wargs (Orc:1)
  2 harpy simulacra
  8 swamp worms
  An acid dragon (D:9)
  16 water moccasins
  4 ice beasts
  41 orc warriors
  3 black bears
  A sky beast (D:7)
  16 wolves
  8 centaurs
  11 ogres
  2 phantoms
  5 kobold brigands
  9 bullfrogs
  2 gnoll sergeants (D:8)
  2 two-headed ogre simulacra (IceCv)
  A cane toad simulacrum (Lair:3)
  A necrophage (Swamp:2)
  6 scorpions
  14 wights
  10 killer bees
  2 elephant simulacra (IceCv)
  6 electric eels
  5 howler monkeys
  A lava snake (D:8)
  28 orc priests
  3 quasits (D:8)
  2 gnoll boudas (D:7)
  6 hounds
  14 jellies
  9 iguanas
  27 orc wizards
  A sleepcap (D:5)
  3 spriggan simulacra (IceCv)
  3 wolf simulacra (IceCv)
  26 gnolls
  8 adders
  2 shadow imps (D:8)
  6 white imps
  4 ufetubi
  4 worms (D:2)
  7 dart slugs
  109 orcs
  4 endoplasms
  3 giant cockroaches
  16 goblins
  13 hobgoblins
  2 jackals (D:4)
  5 quokkas
  8 ball pythons
  6 bats
  5 frilled lizards
  16 kobolds
  8 rats
  4 spectral weapons
859 creatures vanquished.

Vanquished Creatures (others)
  2 bloated husks (Swamp:1)
  A wraith (Swamp:1)
  A white imp (IceCv)
  4 spectral weapons
8 creatures vanquished.

Grand Total: 867 creatures vanquished

Notes
Turn   | Place    | Note
-------+----------+-------------------------------------------
     0 | D:1      | Cheops the Ogre Gladiator began the quest for the Orb.
     0 | D:1      | Reached XP level 1. HP: 22/22 MP: 1/1
   164 | D:1      | Reached XP level 2. HP: 29/29 MP: 2/2
   616 | D:1      | Reached XP level 3. HP: 20/36 MP: 3/3
   690 | D:2      | Found a sacrificial altar of Ru.
   932 | D:2      | Reached XP level 4. HP: 35/44 MP: 4/4
  1181 | D:2      | Identified the +4 mace of Tasokuec {flame, rC+ Will+ Dex+3}
  1650 | D:3      | Noticed Sigmund
  1654 | D:3      | Killed Sigmund
  1655 | D:3      | Reached XP level 5. HP: 47/50 MP: 5/5
  1655 | D:3      | Reached XP level 6. HP: 56/59 MP: 6/6
  1724 | D:3      | Found a sacrificial altar of Ru.
  1856 | D:3      | Found a faded altar of an unknown god.
  2087 | D:3      | Found an iron altar of Okawaru.
  2532 | D:4      | Found a staircase to the Ecumenical Temple.
  2547 | Temple   | Entered the Ecumenical Temple
  2771 | D:4      | Noticed an ice beast
  2775 | D:4      | Identified a scroll of acquirement
  2779 | D:4      | Acquired a +8 spectral giant club
  2787 | D:4      | Killed an ice beast
  2788 | D:4      | Reached XP level 7. HP: 66/66 MP: 7/7
  2966 | D:4      | Noticed a two-headed ogre
  3004 | D:4      | Killed a two-headed ogre
  3005 | D:4      | Reached XP level 8. HP: 39/74 MP: 8/8
  3302 | D:4      | Reached skill level 10 in Maces & Flails
  3676 | D:5      | Entered Level 5 of the Dungeon
  3767 | D:5      | Found a large runed translucent door.
  3769 | D:5      | Found a large runed translucent door.
  3771 | D:5      | Noticed PlopperPlops's ghost (amateur HOMo)
  3914 | D:5      | Reached XP level 9. HP: 69/80 MP: 9/9
  3924 | D:5      | Acquired the ring of Petamag {Wiz rC- rN+ Will- Str+7}
  5320 | D:6      | Found a sparkling altar of Nemelex Xobeh.
  5321 | D:6      | Found a glowing golden altar of the Shining One.
  5538 | D:7      | Noticed a troll
  5540 | D:7      | Killed a troll
  5541 | D:7      | Reached skill level 4 in Fighting
  5544 | D:7      | Reached skill level 5 in Fighting
  5547 | D:7      | Reached skill level 6 in Fighting
  5628 | D:7      | Reached skill level 7 in Fighting
  5726 | D:7      | Reached XP level 10. HP: 102/102 MP: 10/10
  5820 | D:7      | Reached skill level 8 in Fighting
  5878 | D:7      | Reached skill level 9 in Fighting
  6095 | D:7      | Reached skill level 10 in Fighting
  6511 | D:7      | Found an ancient bone altar of Kikubaaqudgha.
  6636 | D:8      | Found Ciew's Book Boutique.
  6665 | D:8      | Reached skill level 1 in Spellcasting
  6669 | D:8      | Reached skill level 1 in Earth Magic
  6896 | D:8      | Found an ornate altar of the Wu Jian Council.
  6962 | D:8      | Found a broken altar of Ashenzari.
  6977 | D:8      | Identified the +2 dagger of the Writhing Dove {flame, Fly
                  | Dex+2 SInv}
  7160 | D:8      | Learned a level 2 spell: Passwall
  7210 | D:8      | Found a hazy altar of Hepliaklqana.
  7274 | D:8      | Reached skill level 1 in Transmutations
  7288 | D:8      | Found Natosoc's Armour Boutique.
  7435 | D:9      | Reached XP level 11. HP: 117/119 MP: 17/17
  7449 | D:9      | Found a shimmering blue altar of Sif Muna.
  7511 | D:9      | Noticed Amaemon
  7522 | D:9      | Killed Amaemon
  7523 | D:9      | Reached skill level 5 in Spellcasting
  7602 | D:6      | Became a worshipper of the Shining One
  7609 | D:6      | Learned a level 2 spell: Wereblood
  7611 | D:6      | Learned a level 1 spell: Sandblast
  7812 | D:9      | Found a staircase to the Orcish Mines.
  7835 | D:9      | Found a hide-covered altar of Uskayaw.
  7858 | D:9      | Noticed a two-headed ogre
  7899 | D:9      | Killed a two-headed ogre
  8041 | D:9      | Reached * piety under the Shining One
  8535 | D:10     | Entered Level 10 of the Dungeon
  8571 | D:10     | Found a flagged portal.
  8587 | Bailey   | Entered a bailey
  8699 | Bailey   | Reached skill level 1 in Invocations
  8720 | Bailey   | Noticed an orc high priest
  8910 | Bailey   | Noticed an orc knight
  8920 | Bailey   | Killed an orc knight
  8986 | Bailey   | Killed an orc high priest
  9009 | Bailey   | Found an iron altar of Okawaru.
  9010 | Bailey   | Noticed an orc high priest
  9015 | Bailey   | Killed an orc high priest
  9016 | Bailey   | Reached skill level 5 in Invocations
  9016 | Bailey   | Reached XP level 12. HP: 117/127 MP: 19/19
  9060 | Bailey   | Identified the +3 short sword of Buyl {holy, rC+}
  9219 | D:9      | Acquired 841 gold pieces
  9221 | D:9      | Acquired the ring of the Greedy {rElec Int+6 SInv}
  9456 | D:10     | Noticed a two-headed ogre
  9461 | D:10     | Killed a two-headed ogre
  9497 | D:10     | Reached ** piety under the Shining One
  9751 | D:5      | Killed PlopperPlops's ghost
  9930 | D:11     | Learned a level 3 spell: Spider Form
 10087 | D:11     | Found a staircase to the Lair.
 10108 | D:11     | Reached skill level 1 in Poison Magic
 10390 | D:11     | Found Cumodu's Armour Emporium.
 10390 | D:11     | Noticed an animated plate armour
 10392 | D:11     | Noticed an animated storm dragon scales
 10401 | D:11     | Bought +0 swamp dragon scales for 800 gold pieces
 10659 | D:11     | Learned a level 4 spell: Animate Armour
 10729 | D:12     | Noticed a boulder beetle
 10802 | D:12     | Killed a boulder beetle
 10888 | D:12     | Noticed an eight-headed hydra
 10920 | Lair:1   | Entered Level 1 of the Lair of Beasts
 11150 | Lair:1   | Noticed Fannar
 11156 | Lair:1   | Killed Fannar
 11185 | Lair:1   | Reached skill level 5 in Summonings
 11272 | Lair:1   | Noticed Sonja
 11276 | Lair:1   | Killed Sonja
 11277 | Lair:1   | Reached skill level 5 in Poison Magic
 11378 | Lair:1   | Found a runed translucent gate.
 11378 | Lair:1   | Found a runed translucent gate.
 11379 | Lair:1   | Noticed a ten-headed hydra
 11380 | Lair:1   | Found a runed translucent gate.
 11380 | Lair:1   | Noticed a ten-headed hydra
 11380 | Lair:1   | Noticed GrumpyGrim72's ghost (novice DrCj)
 11418 | Lair:1   | Reached skill level 1 in Evocations
 11467 | Lair:1   | Noticed Harold
 11473 | Lair:1   | Killed Harold
 11474 | Lair:1   | Reached XP level 13. HP: 131/135 MP: 20/20
 11755 | Lair:1   | Found a snail-covered altar of Cheibriados.
 12119 | Lair:2   | Reached *** piety under the Shining One
 12130 | Lair:2   | Reached skill level 15 in Maces & Flails
 12449 | Lair:2   | Acquired a +2 hat of intelligence
 12750 | Lair:2   | Found a staircase to the Swamp.
 13261 | Lair:3   | Found a frozen archway.
 13278 | IceCv    | Entered an ice cave
 13297 | IceCv    | Reached **** piety under the Shining One
 13598 | IceCv    | Reached ***** piety under the Shining One
 13674 | IceCv    | Noticed a reaper
 13697 | IceCv    | Killed a reaper
 14226 | Lair:3   | Reached skill level 5 in Throwing
 14260 | Lair:3   | Found a hole to the Spider Nest.
 14267 | Lair:3   | Identified the +7 dagger of Peril {holy, rC+}
 14533 | Lair:3   | Identified the amulet of Tetipti {Reflect Fly MP+9 Str-4
                  | Dex+5 SH+5}
 15097 | Lair:4   | Reached XP level 14. HP: 121/144 MP: 21/21
 15116 | Lair:4   | Noticed Snorg
 15122 | Lair:3   | Killed Snorg
 15342 | Lair:4   | Found a staircase to the Slime Pits.
 15343 | Lair:4   | Found a viscous altar of Jiyva.
 15615 | Lair:4   | Reached skill level 11 in Fighting
 15876 | Lair:4   | Noticed Nessos
 15887 | Lair:4   | Killed Nessos
 16386 | Lair:4   | Reached skill level 12 in Fighting
 16692 | Lair:5   | Entered Level 5 of the Lair of Beasts
 16759 | Lair:5   | Reached skill level 13 in Fighting
 17173 | Lair:5   | Reached skill level 14 in Fighting
 17487 | Lair:5   | Reached skill level 15 in Fighting
 17674 | Lair:5   | Reached skill level 16 in Fighting
 17686 | Lair:5   | Reached XP level 15. HP: 98/171 MP: 22/22
 18248 | Lair:5   | Reached skill level 17 in Fighting
 18530 | Lair:5   | Identified the ring "Jepiel" {rF+ rC+}
 18787 | D:12     | You fall into a shaft and drop 1 floor!
 18946 | D:13     | Learned a level 3 spell: Call Canine Familiar
 18950 | D:13     | Learned a level 3 spell: Summon Guardian Golem
 19194 | D:13     | Found a transporter.
 19199 | D:13     | Found a transporter.
 19199 | D:13     | Noticed fireball365's ghost (journeyman HOFi)
 20150 | D:11     | Found a staircase to the Lair.
 20364 | D:11     | Found Cumodu's Armour Emporium.
 21018 | D:9      | Found a staircase to the Orcish Mines.
 21166 | D:9      | Found a hide-covered altar of Uskayaw.
 21319 | D:9      | Found a shimmering blue altar of Sif Muna.
 21458 | D:8      | Found a broken altar of Ashenzari.
 21536 | D:8      | Found Ciew's Book Boutique.
 21698 | D:8      | Found an ornate altar of the Wu Jian Council.
 21776 | D:8      | Found a hazy altar of Hepliaklqana.
 21835 | D:8      | Found Natosoc's Armour Boutique.
 22432 | D:7      | Found an ancient bone altar of Kikubaaqudgha.
 22847 | D:6      | Found a sparkling altar of Nemelex Xobeh.
 22848 | D:6      | Found a glowing golden altar of the Shining One.
 23767 | D:4      | Found a staircase to the Ecumenical Temple.
 24112 | D:3      | Found a faded altar of an unknown god.
 24141 | D:3      | Found an iron altar of Okawaru.
 24237 | D:3      | Found a sacrificial altar of Ru.
 24621 | D:2      | Found a sacrificial altar of Ru.
 26084 | D:13     | Killed fireball365's ghost
 26493 | Lair:1   | Killed GrumpyGrim72's ghost
 28010 | D:14     | Found a gate to the Vaults.
 28640 | D:14     | Found a gate to the Vaults.
 28647 | D:14     | Reached skill level 10 in Invocations
 29228 | D:15     | Entered Level 15 of the Dungeon
 29626 | D:15     | Reached XP level 16. HP: 152/183 MP: 23/23
 30000 | D:15     | Found a staircase to the Depths.
 30008 | D:15     | HP: 9/183 [tengu warrior/bolt (28)]
 30783 | Orc:1    | Entered Level 1 of the Orcish Mines
 30804 | Orc:1    | Reached ****** piety under the Shining One
 30946 | Orc:2    | Entered Level 2 of the Orcish Mines
 31497 | Orc:2    | Noticed Donald
 31515 | Orc:1    | Killed Donald
 31766 | Orc:2    | Found a staircase to the Elven Halls.
 31931 | Orc:2    | Noticed Maurice
 31939 | Orc:2    | Killed Maurice
 33030 | Orc:2    | Found Biet's Assorted Antiques.
 33030 | Orc:2    | Found Efrah's Book Emporium.
 33031 | Orc:2    | Found Reasm's Antique Weapon Shoppe.
 33031 | Orc:2    | Found Qanady Gorphu's Distillery.
 33442 | Swamp:1  | Entered Level 1 of the Swamp
 33442 | Swamp:1  | Noticed Nikola
 33446 | Swamp:1  | Noticed Josephine
 34582 | Swamp:1  | Killed Josephine
 34590 | Swamp:1  | Killed Nikola
 34844 | Swamp:1  | Reached skill level 18 in Fighting
 34880 | Swamp:1  | Identified the +0 ring mail of Afaellow {+Blink rCorr MP-9
                  | Dex+2}
 34886 | Swamp:1  | Noticed a fenstrider witch
 34898 | Swamp:1  | Killed a fenstrider witch
 35777 | Swamp:2  | Reached skill level 19 in Fighting
 35781 | Swamp:2  | HP: 5/189 [bog body (5)]
 35781 | Swamp:2  | Mangled by a bog body

Illustrated notes

Levels and vault maps discovered:
D:1:      minmay_arrival_four_houses, layout_basic
D:2:      minmay_wonky_spiral, layout_rooms, basic_altar
D:3:      layout_loops_ring, mainiacjoe_overflow_alcove_4, okawaru_trees_1,
          ebering_ecumenical_altar_hall, uniq_sigmund
D:4:      minmay_chambers_of_fours, layout_cave_pools,
          minmay_temple_entry_trees, minmay_quantized
D:5:      layout_cave_pods, ebering_ghost_disaster_area,
          minmay_misc_feat_pillars
D:6:      layout_cave_pools, gammafunk_temple_overflow_statue,
          roderic_roman_lattice, eino_tiny_chamber
D:7:      layout_cave_pools, marbit_many_paths,
          hangedman_abyss_or_decor_stagger, kb_lookout_dungeons_type,
          kennysheep_cross_bottleneck, minmay_fractal_squares_diagonal_5
D:8:      layout_rooms, mainiacjoe_overflow_large_starburst,
          kennysheep_little_box, serial_shops, nicolae_shop_just_a_little_nook,
          serial_demonic, serial_demonic_b, serial_demonic_e, serial_demonic_f,
          serial_demonic_a, serial_demonic_e, nicolae_inconvenience_store,
          minmay_lizard_king
D:9:      layout_small_grid, mainiacjoe_overflow_boulevard,
          mainiacjoe_overflow_small_starburst, orc_0_dummy, grunt_ministairs_9,
          uniq_amaemon
D:10:     layout_cave_pools, enter_bailey_3, kennysheep_generic_room_3
D:11:     layout_long_grid, lair_entry_dummy, serial_shops,
          nicolae_shop_mannequins
D:12:     layout_big_octagon
D:13:     layout_grid_maze, gammafunk_ghost_hive, serial_glass, glass_columns_b,
          glass_columns_b
D:14:     layout_cave_pools, skrybe_vaults_entry_preservation,
          serial_park_square1 [serial_park_minivault_5x5_5]
D:15:     grunt_enter_depths_snipers, layout_stronghold
Temple:   minmay_temple_bridge_abc
Lair:1:   layout_gridlike, gammafunk_ghost_hydra_chop, kennysheep_snail_temple,
          uniq_sonja, uniq_harold, uniq_fannar
Lair:2:   layout_cellular_growth, swamp_mist, beast_lair_carwin_9
Lair:3:   layout_regular_city, spider_nest_entry_a,
          portal_ice_cave_entry_ice_simulacra
Lair:4:   layout_cave_pods, minmay_slime_entry_jelly_boxes,
          infiniplex_staircase_pool_2, lemuel_fruit_tree, uniq_snorg,
          uniq_nessos
Lair:5:   evilmike_catoblepas_cave, layout_gridlike, serial_bayou_pond_a
Swamp:1:  layout_basic_swamp, nicolae_swamp_ascending_descending_big,
          uniq_nikola, uniq_josephine
Swamp:2:  layout_basic_swamp, hangedman_swamp_diagram, st_shrine_of_shade
Orc:1:    layout_diamond_mine, statue_in_the_mist_lemuel, nicolae_orc_tapped_out
Orc:2:    st_orc_pillars, layout_caves, uniq_donald, uniq_maurice

Skill      XL: |  1  2  3  4  5  6  7  8  9 10 11 12 13 14 15 16 |
---------------+-------------------------------------------------+-----
Maces & Flails | 3 4 6 7 9 10 12 13 14 16 17 18 | 18.6
Fighting       | 7 10 16 17 19 | 19.0
Spellcasting   | 4 5 |  5.0
Earth Magic    | 3 4 |  4.0
Transmutations | 3 4 |  4.0
Invocations    | 5 10 | 10.0
Poison Magic   | 5 |  5.0
Summonings     | 5 |  5.0
Evocations     | 2 4 |  4.0
Throwing       | 6 8 |  8.0
Dodging        | |  2.6

Action                     |  1- 3 |  4- 6 |  7- 9 | 10-12 | 13-15 | 16-18 || total
---------------------------+-------+-------+-------+-------+-------+-------++-------
  Melee: Flail             |    92 |    55 |       |    21 |       |       ||   168
         Punch             |     1 |       |       |       |       |       ||     1
         Mace              |       |    64 |       |       |       |       ||    64
         Giant club        |       |     1 |   110 |   338 |   475 |   238 ||  1162
  Throw: Throwing net      |     3 |       |       |       |       |       ||     3
         Large rock        |     1 |     1 |       |       |    43 |    47 ||    92
   Cast: Wereblood         |       |       |       |    14 |    18 |     8 ||    40
         Sandblast         |       |       |       |     5 |       |       ||     5
  Evoke: Wand              |       |       |       |     2 |       |     1 ||     3
    Use: Potion            |     1 |     1 |       |       |     2 |     1 ||     5
         Scroll            |       |     5 |     4 |    17 |    15 |     6 ||    47
   Stab: Sleeping          |     2 |     1 |       |       |       |       ||     3
 Armour: Robe              |    29 |    37 |    18 |       |       |       ||    84
         Troll leather arm |       |       |       |    79 |       |       ||    79
         Swamp dragon scal |       |       |       |    13 |   212 |    64 ||   289
  Dodge: Dodged            |    43 |    82 |    41 |   134 |   193 |    74 ||   567
  Block: Other             |       |       |       |       |       |    12 ||    12
